 Dungeon Crawl Stone Soup version 0.28-a0-1236-gb25a51b929 (webtiles) character file.

Game seed: 8991559525906389768

110 browni3141 the Chopper (level 4, -6/36 HPs)
             Began as a Ghoul Gladiator on Dec 25, 2021.
             Killed from afar by Ijyb (7 damage)
             ... with a puff of flame
             ... on level 3 of the Dungeon.
             The game lasted 00:02:05 (2189 turns).

browni3141 the Chopper (Ghoul Gladiator)            Turns: 2189, Time: 00:02:06

Health: -6/36      AC:  4    Str: 19    XL:     4   Next: 91%
Magic:  3/3        EV: 12    Int:  3    God:
Gold:   140        SH:  0    Dex: 10    Spells: 3/3 levels left

rFire   . . .      SeeInvis .   a - +0 war axe
rCold   + . .      Faith    .   (no shield)
rNeg    + + +      Spirit   .   b - +0 leather armour
rPois   ∞          Reflect  .   c - +0 helmet
rElec   .          Harm     .   (no cloak)
rCorr   .          Rampage  .   (no gloves)
Will    .....                   (no boots)
Stlth   +.........              (no amulet)
HPRegen 0.00/turn               (no ring)
MPRegen 0.08/turn               (no ring)

@: inhibited regen
A: claws 1, cold resistance 1, negative energy resistance 3, inhibited
regeneration, torment resistance 2
a: no special abilities


You were on level 3 of the Dungeon.
You visited 1 branch of the dungeon, and saw 3 of its levels.

You collected 140 gold pieces.

Inventory:

Hand Weapons
 a - a +0 war axe (weapon)
Missiles
 k - 7 poisoned darts (quivered)
Armour
 b - a +0 leather armour (worn)
 c - a +0 helmet (worn)
Jewellery
 j - a ring of protection from fire
Scrolls
 e - a scroll of enchant armour {unknown}
 i - a scroll of brand weapon {unknown}
 l - 2 scrolls of noise {unknown}
 m - a scroll of vulnerability {unknown}
 o - a scroll of blinking {unknown}
 q - a scroll of identify {unknown}
Potions
 f - a potion of haste {unknown}
 g - 2 potions of brilliance {unknown}
 h - 2 potions of attraction {unknown}
 n - 2 potions of curing {unknown}
 p - a potion of lignification {unknown}


   Skills:
 - Level 2.1 Fighting
 * Level 5.0 Axes
 - Level 1.7 Throwing
 - Level 2.6 Dodging


You had 3 spell levels left.
You didn't know any spells.
Your spell library contained the following spells:

 Spells                   Type           Power      Damage    Failure   Level
 Ignite Poison            Fire/Tmut/Pois 0%         N/A       91%         3
 Mephitic Cloud           Conj/Pois/Air  0%         N/A       91%         3
 Freezing Cloud           Conj/Ice/Air   0%         6-21      100%        5


Dungeon Overview and Level Annotations

Branches:
Dungeon (3/15)

Altars:
Dithmenos

Shops:
D:2 (

Annotations:
D:3 Ijyb


Innate Abilities, Weirdness & Mutations

You thrive by killing the living.
You are immune to poison.
You have sharp fingernails.
Your flesh is cold resistant. (rC+)
You are immune to negative energy. (rN+++)
You do not regenerate when monsters are visible.
You are immune to unholy pain and torment.


Message History

Press: ? - help, Q - select action Shift-Dir - straight line, f/p - Ijyb
Aim: Ijyb, wielding a +0 club, wearing a +0 leather armour and carrying a wand of flame (23) (heavily wounded, 47% to hit)
You throw a poisoned dart. The poisoned dart hits Ijyb.
Ijyb is poisoned.
Ijyb is heavily wounded.
Ijyb zaps a wand.
The puff of flame hits you.
* * * LOW HITPOINT WARNING * * *
Throw: 10 darts (poison)
Press: ? - help, Q - select action Shift-Dir - straight line, f/p - Ijyb
Aim: Ijyb, wielding a +0 club, wearing a +0 leather armour and carrying a wand of flame (22) (heavily wounded, poisoned, 47% to hit)
You throw a poisoned dart. The poisoned dart hits Ijyb.
Ijyb looks even sicker.
Ijyb is heavily wounded.
Ijyb completely misses you.
Throw: 9 darts (poison)
Press: ? - help, Q - select action Shift-Dir - straight line, f/p - Ijyb
Aim: Ijyb, wielding a +0 club, wearing a +0 leather armour and carrying a wand of flame (22) (heavily wounded, very poisoned, 47% to hit)
You throw a poisoned dart. The poisoned dart closely misses Ijyb.
An orc comes into view. It is wielding a +0 short sword.
Ijyb hits you but does no damage.
Throw: 8 darts (poison)
Press: ? - help, Q - select action Shift-Dir - straight line, f/p - Ijyb
Aim: Ijyb, wielding a +0 club, wearing a +0 leather armour and carrying a wand of flame (22) (heavily wounded, very poisoned, 47% to hit)
You throw a poisoned dart. The poisoned dart hits Ijyb.
Ijyb is heavily wounded.
The orc shouts!
You hear a shout!
Ijyb closely misses you.
You closely miss Ijyb.
Ijyb is severely wounded.
Ijyb zaps a wand.
The puff of flame hits you.
* * * LOW HITPOINT WARNING * * *
Unknown command.
You hit Ijyb.
Ijyb is almost dead.
Ijyb hits you with a +0 club.
* * * LOW HITPOINT WARNING * * *
Unknown command.
You barely miss Ijyb.
Ijyb is almost dead.
Ijyb zaps a wand.
The puff of flame hits you!
You die...

#+# #####
#.###...##
#.##.....####
##.##....o....
##...#.@g.(#
#.....#>..##
##..[###.##
##.## .#
#.#####.####.#
#............#
#######.######
#.# #.#


You could see Ijyb (poisoned) and an orc.

Vanquished Creatures
  An iguana (D:2)
  2 adders (D:2)
  A gnoll (D:1)
  2 worms (D:2)
  4 ball pythons
  4 endoplasms
  2 giant cockroaches (D:2)
  5 goblins
  5 hobgoblins
  7 jackals (D:1)
  3 quokkas
  2 bats
  4 frilled lizards
  2 kobolds
  4 rats
48 creatures vanquished.

Notes
Turn   | Place    | Note
-------+----------+-------------------------------------------
     0 | D:1      | browni3141 the Ghoul Gladiator began the quest for the Orb.
     0 | D:1      | Reached XP level 1. HP: 17/17 MP: 0/0
    31 | D:1      | Found a faded altar of an unknown god.
   165 | D:1      | Reached skill level 3 in Axes
   281 | D:1      | Reached XP level 2. HP: 24/24 MP: 1/1
   748 | D:1      | Reached XP level 3. HP: 25/29 MP: 2/2
  1073 | D:2      | Reached skill level 4 in Axes
  1194 | D:2      | Reached XP level 4. HP: 35/36 MP: 3/3
  1829 | D:2      | Found a shadowy altar of Dithmenos.
  1916 | D:2      | Found Muyfas's Antique Weapon Shop.
  2159 | D:3      | Reached skill level 5 in Axes
  2170 | D:3      | Noticed Ijyb
  2188 | D:3      | HP: 1/36 [Ijyb (4)]
  2189 | D:3      | Killed from afar by Ijyb

Illustrated notes

Levels and vault maps discovered:
D:1:      scummos_arrival_star, layout_rooms, serial_co_window_serial,
          co_window_paths_a, co_window_paths_a, co_window_paths_b,
          co_window_corner_a, co_window_paths_a, co_window_corner_a,
          co_window_of_opportunity_a, co_window_of_opportunity_b,
          co_window_paths_c, co_window_corner_b, co_window_unsneaky_path_c,
          co_window_corner_cb, co_window_2corner, glass_columns_a,
          basic_ecumenical_altar
D:2:      minmay_chambers_of_ones, layout_basic, basic_altar, serial_shops,
          nicolae_shop_overgrown_old_shop
D:3:      layout_loops_corners, uniq_ijyb, uniq_sigmund

Skill      XL: |  1  2  3  4 |
---------------+-------------+-----
Axes           | 3 4 5 |  5.0
Fighting       | |  2.1
Throwing       | |  1.7
Dodging        | |  2.6

Action                   |  1- 3 |  4- 6 || total
-------------------------+-------+-------++-------
Melee: War axe           |    76 |    70 ||   146
Throw: Dart              |       |     4 ||     4
       Throwing net      |       |     3 ||     3
 Stab: Sleeping          |     1 |       ||     1
Armor: Leather armour    |    26 |    23 ||    49
Dodge: Dodged            |    75 |    49 ||   124

Table legend: (Time is in decaauts)
 A = Elapsed time spent in this place.
 B = Non-inter-level travel time spent in this place.
 C = Inter-level travel time spent in this place.
 D = Time resting spent in this place.
 E = Time spent auto-exploring this place.
 F = Levels seen in this place.
 G = Mean time per level.
                   A        B        C        D        E       F      G
               +--------+--------+--------+--------+--------+-----+--------+
         Total |   2231 |   2136 |     95 |      0 |   1762 |   3 |  743.7 |
       Dungeon |   2231 |   2136 |     95 |      0 |   1762 |   3 |  743.7 |
               +--------+--------+--------+--------+--------+-----+--------+

Top non-repeatable levels by time:
     D:1: 1074 daAuts
     D:2: 1068 daAuts
     D:3: 87 daAuts
